 Dungeon Crawl Stone Soup version 0.21-a0-515-g8d4ebbe (webtiles) character file.

208 Spazmo the Magician (level 5, -8/28 HPs)
             Began as a Deep Elf Fire Elementalist on Dec 2, 2017.
             Was an Initiate of Sif Muna.
             Mangled by Menkaure (18 damage)
             ... on level 4 of the Dungeon on Dec 3, 2017.
             The game lasted 00:08:56 (2884 turns).

Spazmo the Magician (Deep Elf Fire Elementalist)    Turns: 2884, Time: 00:08:57

Health: -8/28      AC:  2    Str:  5    XL:     5   Next: 55%
Magic:  8/14       EV: 13    Int: 21    God:    Sif Muna [......]
Gold:   139        SH:  0    Dex: 15    Spells: 3/13 levels left

rFire    . . .     SeeInvis .   p - +1 dagger (protect)
rCold    . . .     Gourm    .   (no shield)
rNeg     . . .     Faith    .   a - +0 robe
rPois    .         Spirit   .   (no helmet)
rElec    .         Reflect  .   (no cloak)
rCorr    .         Harm     .   (no gloves)
MR       .....                  (no boots)
Stlth    ++........             (no amulet)
HPRegen  0.09/turn              (no ring)
MPRegen  0.14/turn              (no ring)

@: no status effects
A: no striking features
a: Renounce Religion


You were on level 4 of the Dungeon.
You worshipped Sif Muna.
Sif Muna was noncommittal.
You were not hungry.

You visited 1 branch of the dungeon, and saw 4 of its levels.

You collected 139 gold pieces.

Inventory:

Hand Weapons
 p - a +1 dagger of protection (weapon)
Missiles
 d - 18 poisoned needles
 e - 79 stones (quivered)
Armour
 a - a +0 robe (worn)
Jewellery
 f - an uncursed ring of ice
Scrolls
 m - 2 scrolls of identify
 q - 3 scrolls of teleportation
Potions
 h - a potion of might
 i - 2 potions of heal wounds
 j - a potion of lignification {unknown}
 l - a potion of ambrosia {unknown}
 n - a potion of invisibility {unknown}
 o - a potion of brilliance {unknown}
 s - a potion of flight {unknown}
Books
 b - a book of Flames

   Spells                             Type                      Level
   a - Flame Tongue                   Conjuration/Fire             1
   b - Throw Flame                    Conjuration/Fire             2
   c - Conjure Flame                  Conjuration/Fire             3
   d - Inner Flame                    Hexes/Fire                   3
   e - Sticky Flame                   Conjuration/Fire             4
   f - Fireball                       Conjuration/Fire             5
Comestibles
 c - 3 bread rations
 g - a chunk of flesh
 k - 2 meat rations
 r - a royal jelly
 t - 4 fruits


   Skills:
 - Level 3.1 Dodging
 - Level 3.0 Stealth
 + Level 4.9 Spellcasting
 + Level 3.2 Conjurations
 + Level 4.6 Fire Magic


You had 3 spell levels left.
You knew the following spells:

 Your Spells              Type           Power        Failure   Level  Hunger
a - Flame Tongue          Conj/Fire      ###..        2%          1    None
b - Throw Flame           Conj/Fire      ###...       3%          2    None
c - Conjure Flame         Conj/Fire      ###.....     6%          3    ##.....
d - Sticky Flame          Conj/Fire      ###.....     22%         4    ####...


Dungeon Overview and Level Annotations

Branches:
Dungeon (4/15)
 Temple: D:4-7

Altars:
Sif Muna

Annotations:
D:2 Robin
D:4 Edmund, Menkaure


Message History

You see here a hand axe of venom.
Casting: Flame Tongue
Confirm with . or Enter, or press ? or * to list all spells.
Aiming: Flame Tongue
Press: ? - help, Shift-Dir - straight line, f/p - Menkaure
Aim: Menkaure (lightly damaged)
The flame tongue hits Menkaure.
Menkaure is burned terribly!
Menkaure is moderately damaged.
Menkaure hits you!!
Ouch! That really hurt!
Casting: Flame Tongue
Confirm with . or Enter, or press ? or * to list all spells.
Aiming: Sticky Flame
Press: ? - help, Shift-Dir - straight line, f/p - Menkaure
Aim: Menkaure (moderately damaged)
The sticky flame hits Menkaure.
Menkaure is burned terribly!
Menkaure is moderately damaged.
Menkaure is covered in liquid flames!
Menkaure burns!
Menkaure hits you!!
Ouch! That really hurt!
You die...

#........
#........
#........
#........
#........
#........
######[.......
#<[@M.........
######..$.....
#.....o..
#........
#########


You could see Menkaure (burning).

Vanquished Creatures
  A hound (D:3)
  An orc priest (D:4)
  An iguana (D:2)
  4 adders
  A worm (D:3)
  2 dart slugs
  3 leopard geckos
  3 orcs (D:4)
  6 giant cockroaches
  12 goblins
  8 hobgoblins
  3 jackals (D:1)
  6 kobolds
  A quokka (D:2)
  A ball python (D:1)
  13 bats
  2 frilled lizards (D:3)
  9 rats
77 creatures vanquished.

Notes
Turn   | Place    | Note
-------+----------+-------------------------------------------
     0 | D:1      | Spazmo the Deep Elf Fire Elementalist began the quest for the Orb.
     0 | D:1      | Reached XP level 1. HP: 10/10 MP: 6/6
   118 | D:1      | Reached XP level 2. HP: 6/15 MP: 0/8
   123 | D:1      | Learned a level 2 spell: Throw Flame
   766 | D:2      | Reached XP level 3. HP: 19/19 MP: 7/9
   966 | D:2      | Noticed Robin
   982 | D:1      | Reached XP level 4. HP: 10/24 MP: 4/11
   987 | D:1      | Learned a level 3 spell: Conjure Flame
   992 | D:1      | Learned a level 4 spell: Sticky Flame
  1239 | D:2      | Found a deep blue altar of Sif Muna.
  1245 | D:2      | Became a worshipper of Sif Muna the Loreminder
  1835 | D:3      | Reached XP level 5. HP: 28/28 MP: 6/13
  2412 | D:4      | Noticed Edmund
  2563 | D:4      | Noticed Menkaure
  2884 | D:4      | Mangled by Menkaure

Vault maps used:
D:1:      evilmike_arrival_crescent
D:2:      led_sif_pool, minmay_misc_feat_diagonals, uniq_robin
D:4:      tso_altar, nicolae_overflow_hidden_temple, uniq_sigmund,
          uniq_menkaure, uniq_edmund

Skill      XL: |  1  2  3  4  5 |
---------------+----------------+-----
Stealth        | 3 |  3.0
Dodging        | 3 |  3.1
Conjurations   | 2 3 |  3.2
Spellcasting   | 4 |  4.9
Fire Magic     | 4 |  4.6

Action                   |  1- 3 |  4- 6 || total
-------------------------+-------+-------++-------
Melee: Unarmed           |    17 |       ||    17
       Dagger            |     4 |       ||     4
Throw: Stone             |     1 |       ||     1
 Cast: Flame Tongue      |    63 |    87 ||   150
       Throw Flame       |     1 |     8 ||     9
       Conjure Flame     |       |     1 ||     1
       Sticky Flame      |       |     1 ||     1
  Use: Scroll            |     2 |     4 ||     6
       Potion            |     1 |       ||     1
  Eat: Chunk             |       |     6 ||     6
Armor: Robe              |     9 |     1 ||    10
Dodge: Dodged            |    27 |     7 ||    34

Table legend:
 A = Spawn XP
 B = Non-spawn XP
 C = Spawn XP percentage of total XP
 D = Spawn monster count
 E = Non-spawn monster count
 F = Spawn count percentage of total count
 G = Total turns spent on level
                    A         B        C        D         E        F      G
               +---------+---------+-------+---------+---------+-------+---------
         Total |       0 |     298 |   0.0 |       0 |      77 |   0.0 |  2884
               +---------+---------+-------+---------+---------+-------+---------
           D:1 |       0 |      42 |   0.0 |       0 |      26 |   0.0 |   819
           D:2 |       0 |      90 |   0.0 |       0 |      24 |   0.0 |   728
           D:3 |       0 |     116 |   0.0 |       0 |      23 |   0.0 |  1250
           D:4 |       0 |      50 |   0.0 |       0 |       4 |   0.0 |    87
               +---------+---------+-------+---------+---------+-------+---------
